 Dungeon Crawl Stone Soup version 0.23-b1-84-g6588a6b (webtiles) character file.

Game seed: 993210908461963036

27947 Helmschank the Grappler (level 13, 127/127 HPs)
             Began as a Troll Berserker on Feb 8, 2019.
             Was a High Priest of Trog.
             Got out of the dungeon alive.
             The game lasted 01:09:48 (14883 turns).

Helmschank the Grappler (Troll Berserker)          Turns: 14883, Time: 01:09:48

Health: 127/127    AC: 11    Str: 35    XL:     13   Next: 7%
Magic:  14/14      EV: 14    Int:  3    God:    Trog [*****.]
Gold:   851        SH: 13    Dex: 13    Spells: 12/12 levels left

rFire    + . .     SeeInvis .     - Unarmed
rCold    . . .     Gourm    +   a - +1 shield
rNeg     . . .     Faith    +   c - +0 robe
rPois    .         Spirit   .   X - +2 hat
rElec    .         Reflect  .   K - +2 cloak
rCorr    .         Harm     .   (gloves unavailable)
MR       .....                  (boots unavailable)
Stlth    +.........             t - amulet of faith
HPRegen  0.71/turn              V - +3 ring of slaying
MPRegen  0.14/turn              O - ring of Werphem {rF+ Str+7 Slay-2}

@: no status effects
A: large, unfitting armour, claws 3, fast metabolism 3, gourmand, regeneration
1, shaggy fur 1, tough skin 3
a: Berserk, Trog's Hand, Brothers in Arms, Renounce Religion


You escaped.
You worshipped Trog.
Trog was extremely pleased with you.
You were not hungry.

You visited 3 branches of the dungeon, and saw 17 of its levels.
You visited the Abyss 1 time.

You collected 1171 gold pieces.
You spent 320 gold pieces at shops.

Inventory:

Hand Weapons
 b - a +0 blowgun
 e - a +4 whip
 w - the +9 trident "Faic" {freeze, -Tele +Inv rN+ Dex+5}
   (You found it on level 9 of the Dungeon)

   It has been specially enchanted to freeze those struck by it, causing extra
   injury to most foes and up to half again as much damage against particularly
   susceptible opponents.
   It can also slow down cold-blooded creatures.
   It affects your dexterity (+5).
   It protects you from negative energy.
   It lets you turn invisible.
   It prevents most forms of teleportation.
 D - a +4 whip of freezing
Missiles
 i - 119 poisoned needles
 E - a poisoned javelin
 F - 6 curare-tipped needles
 H - a javelin
 L - 3 tomahawks
 P - a large rock (quivered)
 R - a tomahawk of returning
 U - 430 stones
Armour
 a - a +1 shield (worn)
 c - a +0 robe (worn)
 K - a +2 cloak (worn)
 X - a +2 hat (worn)
Jewellery
 t - an amulet of faith (around neck)
 G - an uncursed ring of flight
 J - the ring of Dytun {+Fly Str-5 Int+2 SInv}
   (You found it on level 10 of the Dungeon)

   [ring of flight]

   It affects your strength (-5).
   It affects your intelligence (+2).
   It lets you see invisible.
   It lets you fly.
 O - the ring of Werphem (right claw) {rF+ Str+7 Slay-2}
   (You found it on level 9 of the Dungeon)

   [ring of protection from fire]

   It affects your strength (+7).
   It affects your accuracy and damage with ranged weapons and melee attacks
   (-2).
   It protects you from fire.
 V - a +3 ring of slaying (left claw)
Wands
 g - a wand of acid (15)
 k - a wand of flame (5)
 r - a wand of polymorph (3)
 A - a wand of random effects (12)
 I - a wand of digging (7)
 Q - a wand of iceblast (18)
Scrolls
 h - 2 scrolls of noise
 o - 3 scrolls of fear
 q - 5 scrolls of immolation
 u - 3 scrolls of remove curse
 y - 3 scrolls of blinking
 B - 6 scrolls of enchant weapon
 M - 3 scrolls of enchant armour
 N - a scroll of summoning
 S - 2 scrolls of teleportation
 T - a scroll of identify
Potions
 f - 2 potions of haste
 j - 5 potions of lignification
 l - 3 potions of brilliance
 m - 3 potions of berserk rage
 n - a potion of might
 p - 2 potions of flight
 s - 4 potions of curing
 x - a potion of cancellation
 z - a potion of heal wounds
 C - 4 potions of mutation
Miscellaneous
 Z - a phantom mirror
Comestibles
 d - 36 rations


   Skills:
 - Level 8.0 Fighting
 - Level 7.0 Throwing
 - Level 8.0 Dodging
 - Level 9.3 Shields
 + Level 12.3 Unarmed Combat
 - Level 3.0 Evocations


You had 12 spell levels left.
You didn't know any spells.
Your spell library was empty.

Dungeon Overview and Level Annotations

Branches:
Dungeon (11/15)            Temple (1/1) D:6            Lair (5/6) D:11
 Shoals (0/4) Lair:3        Snake (0/4) Lair:4          Orc (0/2) D:10
  Slime: Lair:5-6

Altars:
Ashenzari
Cheibriados
Dithmenos
Elyvilon
Fedhas
Gozag
Hepliaklqana
Kikubaaqudgha
Makhleb
Nemelex Xobeh
Okawaru
Qazlal
Ru
Sif Muna
Trog
Uskayaw
Vehumet
Wu Jian
Xom
Yredelemnul
Zin
The Shining One

Shops:
D:8 *   D:9 *


Innate Abilities, Weirdness & Mutations

You are too large for most types of armour.
You have claws for hands.
Your metabolism is lightning-fast.
You like to eat raw meat.
Your natural rate of healing is unusually fast.
You are covered in fur. (AC +1)
You have extremely tough skin. (AC +3)


Message History

There is a stone staircase leading down here.
There is an open door here.
There is an open door here.
You see here a +0 flail.
There is a stone staircase leading up here.
You climb upwards.
There is a stone staircase leading down here.
There is a stone staircase leading up here.
You climb upwards.
There is a stone staircase leading down here.
There is a stone staircase leading up here.
You climb upwards.
There is a stone staircase leading down here.
You open the large door.
There is a large open door here.
You enter the shallow water.
Moving in this stuff is going to be slow.
There is a staircase leading out of the dungeon here.
Are you sure you want to leave the Dungeon?
This will make you lose the game!
You have escaped!

####............##
.###.####.#......#
.).#.# #...###++#####
.....####..8.......≈≈##
##.....####.≈≈≈≈≈≈..≈≈#
.........##≈≈≈...≈≈..≈#
.####.....#≈≈..≈..≈≈.≈#
.# ###...#≈..≈≈≈.≈≈.≈#
## ###.#≈.≈≈.@.≈≈.≈# #
###≈.≈≈.≈≈≈..≈# ##
#≈.≈≈..≈..≈≈# .#
#≈..≈≈...≈≈≈# .##
#≈≈..≈≈≈≈≈≈.## ..#
##≈≈.......8.# #.#
#####''###..# #.#
#.#..# #.)# #.# ##...##
#.##


There were no monsters in sight!

Vanquished Creatures
  2 hydras (Lair:1)
  Erica (Lair:1)
  3 two-headed ogres
  A skeletal warrior (D:10)
  Pikel (D:6)
  A centaur zombie (D:10)
  4 elephants (Lair:4)
  A merfolk siren (Lair:3)
  Joseph (D:7)
  3 black mambas (Lair:4)
  7 spiny frogs
  2 rime drakes (Lair:4)
  5 komodo dragons
  A merfolk (Lair:3)
  A queen bee (Lair:2)
  A troll (D:11)
  A hornet (D:7)
  A raiju (Lair:1)
  9 blink frogs
  4 hippogriffs
  A spriggan (D:7)
  A wyvern (D:8)
  17 yaks
  A hungry ghost (D:11)
  An acid dragon (D:11)
  2 nagas (Lair:4)
  7 porcupines
  12 water moccasins
  3 ice beasts
  4 slaves
  An orc warrior (D:8)
  5 sky beasts
  A black bear (Lair:4)
  A phantom (D:10)
  3 wolves (Lair:3)
  5 ogres
  5 centaurs
  6 crocodiles
  2 big kobolds (D:9)
  A gnoll sergeant (D:6)
  6 bullfrogs
  3 scorpions
  A water moccasin skeleton (D:5)
  44 killer bees
  9 wights
  3 howler monkeys (D:9)
  4 electric eels (D:11)
  3 crimson imps
  A quasit (D:11)
  5 bullfrog zombies
  7 orc priests
  14 orc wizards
  Ijyb (D:3)
  3 bullfrog skeletons
  A centaur skeleton (D:9)
  6 hounds
  3 iguanas
  A worker ant (D:7)
  A killer bee zombie (D:7)
  A hound zombie (D:10)
  2 hound skeletons (D:4)
  9 adders
  12 gnolls
  5 river rats
  4 shadow imps
  2 oozes (D:1)
  An adder skeleton (D:5)
  4 worms
  A dart slug (D:1)
  A leopard gecko (D:10)
  32 orcs
  A bat zombie (D:4)
  4 giant cockroaches
  6 goblins
  6 hobgoblins
  19 kobolds
  4 quokkas
  3 ball pythons
  6 bats
  7 frilled lizards
  2 leopard gecko zombies
  2 quokka zombies
  4 rats
  2 rat zombies (D:4)
  A bush (Lair:4)
  A plant (D:11)
387 creatures vanquished.

Vanquished Creatures (collateral kills)
  A merfolk siren (Lair:3)
  A merfolk (Lair:3)
  2 kobolds (D:9)
4 creatures vanquished.

Vanquished Creatures (others)
  Blork the orc (D:3)
  A bush (Lair:4)
  3 fungi
  6 plants
11 creatures vanquished.

Grand Total: 402 creatures vanquished

Notes
Turn   | Place    | Note
-------+----------+-------------------------------------------
     0 | D:1      | Helmschank the Troll Berserker began the quest for the Orb.
     0 | D:1      | Reached XP level 1. HP: 22/22 MP: 0/0
    66 | D:1      | Reached XP level 2. HP: 29/29 MP: 1/1
   398 | D:1      | Reached skill level 1 in Shields
   503 | D:2      | Reached XP level 3. HP: 26/36 MP: 2/2
   504 | D:2      | Found a sparkling altar of Nemelex Xobeh.
   554 | D:2      | Reached ** piety under Trog
   991 | D:2      | Reached XP level 4. HP: 44/44 MP: 3/3
  1426 | D:3      | Reached XP level 5. HP: 30/50 MP: 4/4
  1581 | D:3      | Reached skill level 4 in Unarmed Combat
  1945 | D:3      | Found a bloodstained altar of Trog.
  2028 | D:3      | Noticed Blork the orc
  2032 | D:3      | Noticed Ijyb
  2053 | D:3      | Killed Ijyb
  2103 | D:3      | Killed Blork the orc
  2179 | D:3      | Found a deep blue altar of Sif Muna.
  2300 | D:4      | Found an opulent altar of Gozag.
  2354 | D:4      | Reached skill level 5 in Unarmed Combat
  2435 | D:4      | Reached XP level 6. HP: 59/59 MP: 5/5
  2703 | D:4      | Found a hide-covered altar of Uskayaw.
  3119 | D:4      | Reached *** piety under Trog
  3119 | D:4      | Reached skill level 6 in Unarmed Combat
  3216 | D:4      | Found an ancient bone altar of Kikubaaqudgha.
  3251 | D:5      | Entered Level 5 of the Dungeon
  3267 | D:5      | Reached XP level 7. HP: 41/67 MP: 6/6
  3517 | D:5      | Found a hazy altar of Hepliaklqana.
  4045 | D:6      | Reached XP level 8. HP: 74/78 MP: 7/7
  4046 | D:6      | Found a white marble altar of Elyvilon.
  4182 | D:6      | Found a staircase to the Ecumenical Temple.
  4191 | Temple   | Entered the Ecumenical Temple
  4476 | D:6      | Noticed Pikel
  4515 | D:6      | Cast into level 2 of the Abyss (gnoll sergeant)
  4552 | D:6      | Escaped the Abyss
  4560 | D:6      | Reached skill level 7 in Unarmed Combat
  4578 | D:6      | HP: 3/78 [Pikel/+1 whip of freezing (6)]
  4578 | D:6      | HP: 1/78 [Pikel/+1 whip of freezing (2)]
  4717 | D:6      | Killed Pikel
  4717 | D:6      | Reached skill level 9 in Unarmed Combat
  4867 | D:6      | Reached skill level 5 in Shields
  4958 | D:6      | Reached XP level 9. HP: 80/84 MP: 8/8
  5198 | D:7      | Reached **** piety under Trog
  5354 | D:7      | Reached skill level 5 in Fighting
  5360 | D:7      | Reached skill level 1 in Throwing
  5731 | D:7      | Noticed Joseph
  5742 | D:7      | Killed Joseph
  5860 | D:8      | Noticed a two-headed ogre
  5863 | D:8      | Killed a two-headed ogre
  5863 | D:8      | Reached skill level 10 in Unarmed Combat
  5863 | D:8      | Reached XP level 10. HP: 96/96 MP: 9/9
  6201 | D:8      | Found Ilout's General Store.
  6214 | D:8      | Bought a wand of digging (7) for 264 gold pieces
  6386 | D:8      | Reached ***** piety under Trog
  6386 | D:8      | Reached skill level 11 in Unarmed Combat
  6556 | D:8      | Received a gift from Trog
  6650 | D:8      | Noticed a two-headed ogre
  6662 | D:8      | Killed a two-headed ogre
  7022 | D:9      | Found Pyrhic's General Store.
  7026 | D:9      | Bought a scroll of noise for 14 gold pieces
  7026 | D:9      | Bought a potion of curing for 42 gold pieces
  7104 | D:9      | Got a faintly glowing trident
  7208 | D:9      | Found a shadowy altar of Dithmenos.
  7256 | D:9      | Got a warped silver ring
  7425 | D:9      | Received a gift from Trog
  7887 | D:10     | Entered Level 10 of the Dungeon
  8053 | D:10     | Reached skill level 5 in Dodging
  8072 | D:10     | Noticed a skeletal warrior
  8076 | D:10     | Noticed a two-headed ogre
  8096 | D:10     | HP: 5/147 [two-headed ogre/+0 giant club (29)]
  8097 | D:10     | Killed a two-headed ogre
  8097 | D:10     | Reached XP level 11. HP: 5/105 MP: 10/10
  8276 | D:10     | Got a translucent golden ring
  8314 | D:10     | Killed a skeletal warrior
  8375 | D:10     | Found a staircase to the Orcish Mines.
  8551 | D:10     | Got a crystal spear
  8556 | D:10     | Identified the ring of Werphem {rF+ Str+7 Slay-2} (You
                  | found it on level 9 of the Dungeon)
  8558 | D:10     | Identified the ring of Dytun {+Fly Str-5 Int+2 SInv} (You
                  | found it on level 10 of the Dungeon)
  9591 | D:11     | Found a staircase to the Lair.
  9793 | D:11     | Received a gift from Trog
  9925 | Lair:1   | Entered Level 1 of the Lair of Beasts
  9941 | Lair:1   | Identified a scroll of acquirement
  9951 | Lair:1   | Noticed a seven-headed hydra
  9959 | Lair:1   | Killed a seven-headed hydra
  9969 | Lair:1   | Noticed a seven-headed hydra
 10064 | Lair:1   | Killed a seven-headed hydra
 10383 | Lair:1   | Noticed Sonja
 10747 | Lair:1   | Got a scorched silver ring
 10805 | Lair:1   | Noticed Erica
 10832 | Lair:1   | Killed Erica
 10832 | Lair:1   | Reached skill level 5 in Throwing
 10978 | Lair:1   | Noticed Sonja
 10978 | Lair:1   | Sonja changed into Sonja the raiju
 10996 | Lair:1   | Killed Sonja the raiju
 11466 | Lair:2   | Reached XP level 12. HP: 113/114 MP: 11/11
 11511 | Lair:2   | Reached skill level 12 in Unarmed Combat
 12407 | Lair:1   | Identified the ring "Imaem" {+Fly Int+2} (You found it on
                  | level 1 of the Lair of Beasts)
 12627 | Lair:3   | Received a gift from Trog
 12897 | Lair:3   | Identified the +9 trident "Faic" {freeze, -Tele +Inv rN+
                  | Dex+5} (You found it on level 9 of the Dungeon)
 12933 | Lair:3   | Found a staircase to the Shoals.
 12948 | Lair:3   | Reached skill level 1 in Evocations
 13479 | Lair:4   | Found a staircase to the Snake Pit.
 13525 | Lair:4   | Identified the cursed +1 spear of Binaog {freeze, *Drain
                  | MP+9 Int+9 Dex-4} (You found it on level 10 of the Dungeon)
 14416 | Lair:4   | Reached XP level 13. HP: 127/127 MP: 14/14
 14883 | D:$      | Got out of the dungeon alive.

Skill      XL: |  1  2  3  4  5  6  7  8  9 10 11 12 |
---------------+-------------------------------------+-----
Shields        | 1 2 3 4 5 6 7 9 |  9.3
Unarmed Combat | 5 6 9 10 11 12 | 12.3
Fighting       | 3 4 5 6 8 |  8.0
Dodging        | 3 4 5 6 8 |  8.0
Throwing       | 3 5 7 |  7.0
Evocations     | 3 |  3.0

Action                   |  1- 3 |  4- 6 |  7- 9 | 10-12 | 13-15 || total
-------------------------+-------+-------+-------+-------+-------++-------
Melee: Unarmed           |    71 |   108 |   232 |   585 |    33 ||  1029
       Punch             |     1 |       |       |       |       ||     1
       Whip              |       |       |       |    11 |       ||    11
Throw: Stone             |    35 |    27 |    10 |    10 |       ||    82
       Tomahawk          |    19 |    19 |     1 |    26 |       ||    65
       Javelin           |       |    11 |    49 |    33 |       ||    93
       Large rock        |       |       |       |   103 |     6 ||   109
Invok: Berserk           |       |     1 |     4 |     6 |       ||    11
       Trog's Hand       |       |     1 |     3 |     7 |     1 ||    12
       Brothers in Arms  |       |       |       |     3 |       ||     3
Evoke: Wand              |       |     2 |     2 |    10 |       ||    14
  Use: Scroll            |       |    11 |     7 |    17 |       ||    35
       Potion            |       |       |     3 |     2 |       ||     5
 Stab: Sleeping          |       |     1 |       |     3 |       ||     4
       Invisible         |       |       |     1 |       |       ||     1
       Distracted        |       |       |       |     1 |       ||     1
  Eat: Chunk             |    15 |    22 |    29 |    81 |       ||   147
       Ration            |       |       |       |     2 |       ||     2
Armor: Animal skin       |    22 |    24 |     3 |       |       ||    49
       Robe              |       |       |    38 |    99 |     9 ||   146
Dodge: Dodged            |    28 |    23 |    68 |   195 |    16 ||   330
Block: Shield            |       |    28 |   110 |   312 |    20 ||   470
